 Dungeon Crawl Stone Soup version 0.26-a0-613-g4f23886233 (webtiles) character file.

Game seed: 14110569085726642508

1085 DogServant the Fighter (level 8, 0/77 HPs)
             Began as a Minotaur Berserker on Sept 11, 2020.
             Was a Believer of Trog.
             Slain by a centaur
             ... wielding a +0 hand axe
              (4 damage)
             ... on level 7 of the Dungeon.
             The game lasted 00:06:44 (5512 turns).

DogServant the Fighter (Minotaur Berserker)         Turns: 5512, Time: 00:06:45

Health: 0/77       AC:  2    Str: 23    XL:     8   Next: 9%
Magic:  7/7        EV: 12    Int:  4    God:    Trog [**....]
Gold:   258        SH:  0    Dex: 11    Spells: 7/7 levels left

rFire    . . .     SeeInvis .   a - +1 hand axe
rCold    . . .     Faith    .   (no shield)
rNeg     . . .     Spirit   .   b - +0 animal skin
rPois    .         Reflect  .   (helmet restricted)
rElec    .         Harm     .   (no cloak)
rCorr    .                      (no gloves)
MR       .....                  (no boots)
Stlth    +.........             (no amulet)
HPRegen  0.22/turn              (no ring)
MPRegen  0.10/turn              (no ring)

@: no status effects
A: retaliatory headbutt, horns 2
a: Berserk, Trog's Hand, Renounce Religion


You were on level 7 of the Dungeon.
You worshipped Trog.
Trog was pleased with you.
You visited 1 branch of the dungeon, and saw 5 of its levels.

You collected 258 gold pieces.

Inventory:

Hand Weapons
 a - a +1 hand axe (weapon)
Armour
 b - a +0 animal skin (worn)
 o - a scarf of resistance
Jewellery
 d - an uncursed amulet of faith
 i - an uncursed amulet of the acrobat {unknown}
 r - an uncursed ring of poison resistance {unknown}
 s - a +4 ring of protection {unknown}
Wands
 c - a wand of paralysis (3)
 k - a wand of flame (17)
Scrolls
 e - 2 scrolls of remove curse
 g - a scroll of noise {unknown}
 m - a scroll of teleportation
 n - a scroll of brand weapon {unknown}
Potions
 f - 2 potions of curing
 h - 3 potions of might {unknown}
 j - a potion of degeneration {unknown}
 l - a potion of brilliance {unknown}
 p - a potion of haste {unknown}
 q - a potion of berserk rage {unknown}


   Skills:
 + Level 8.8 Fighting
 + Level 8.8 Axes
 - Level 2.5 Armour
 - Level 2.3 Dodging


You had 7 spell levels left.
You didn't know any spells.
Your spell library contained the following spells:

 Spells                   Type           Power        Failure   Level
 Magic Dart               Conj           #...         50%         1
 Blink                    Tloc           N/A          65%         2
 Call Imp                 Summ           #.......     65%         2
 Slow                     Hex            #.......     65%         2
 Confusing Touch          Hex            #.......     86%         3
 Conjure Flame            Conj/Fire      #.......     86%         3
 Gell's Gravitas          Tloc           #.........   86%         3
 Mephitic Cloud           Conj/Pois/Air  #.......     86%         3
 Petrify                  Tmut/Erth      #.......     99%         4
 Metabolic Englaciation   Hex/Ice        #.........   100%        5
 Yara's Violent Unravell  Hex/Tmut       #.........   100%        5


Dungeon Overview and Level Annotations

Branches:
Dungeon (7/15)
 Temple: D:4-7

Altars:


Innate Abilities, Weirdness & Mutations

You reflexively headbutt those who attack you in melee.
You have a pair of horns on your head.


Message History

You slash the centaur!
The centaur is heavily wounded.
The centaur hits you with a +0 hand axe!
You hit the centaur. Your headbutt misses the centaur.
The centaur is severely wounded.
The centaur hits you with a +0 hand axe!
You barely miss the centaur.
The centaur is severely wounded.
The centaur hits you with a +0 hand axe!
* * * LOW HITPOINT WARNING * * *
You barely miss the centaur.
The centaur is severely wounded.
The centaur hits you with a +0 hand axe!
* * * LOW HITPOINT WARNING * * *
You barely miss the centaur.
The centaur is severely wounded.
The centaur hits you with a +0 hand axe!
* * * LOW HITPOINT WARNING * * *
The centaur hits you with a +0 hand axe.
You die...

#. ##'###...
#. #.......
#. #...... #.
#.....###.##
###.
#.....'....#
#...
#.....#.#..#
#.##
#..c....#..#
#.#
#..@....#..#
#.#
#.(...#.#..#
#.# ##(#.##
#..# #.#
#.#.#
#.(######.#
#(#.#
#.........#
#####.#.#
#.#########
#####.....#.#
#.#
#...#.#####.#
.#.#
#.#.#.#...#[#
.#.#


You could see a centaur.

Vanquished Creatures
  Grinder (D:6)
  A water moccasin (D:7)
  A sky beast (D:7)
  2 centaurs (D:6)
  A bullfrog (D:7)
  A howler monkey (D:7)
  A quasit (D:7)
  A bullfrog zombie (D:7)
  2 jellies (D:6)
  A hound (D:7)
  A bullfrog skeleton (D:7)
  An orc wizard (D:6)
  4 worker ants
  A hound skeleton (D:6)
  2 adders
  3 shadow imps
  An ufetubus (D:6)
  An ooze (D:2)
  An adder zombie (D:7)
  4 worms
  A dart slug (D:2)
  6 leopard geckos
  4 orcs (D:6)
  6 bats
  6 giant cockroaches
  A goblin (D:1)
  6 hobgoblins
  7 jackals (D:1)
  A quokka (D:2)
  A ball python (D:2)
  A frilled lizard (D:1)
  A jackal skeleton (D:7)
  A kobold (D:1)
  7 rats
80 creatures vanquished.

Notes
Turn   | Place    | Note
-------+----------+-------------------------------------------
     0 | D:1      | DogServant the Minotaur Berserker began the quest for the
                  | Orb.
     0 | D:1      | Reached XP level 1. HP: 19/19 MP: 0/0
   406 | D:1      | Reached XP level 2. HP: 27/27 MP: 1/1
   852 | D:1      | Reached ** piety under Trog
  1004 | D:1      | Reached XP level 3. HP: 27/34 MP: 2/2
  2062 | D:2      | Reached XP level 4. HP: 38/41 MP: 3/3
  2381 | D:3      | You fall into a shaft and drop 3 floors!
  2390 | D:6      | Noticed a centaur
  2398 | D:6      | Killed a centaur
  2398 | D:6      | Reached skill level 5 in Fighting
  2398 | D:6      | Reached skill level 5 in Axes
  2398 | D:6      | Reached XP level 5. HP: 48/48 MP: 4/4
  2455 | D:6      | Noticed a centaur
  2464 | D:6      | Killed a centaur
  2723 | D:6      | Noticed Grinder
  2736 | D:6      | Killed Grinder
  2736 | D:6      | Reached XP level 6. HP: 58/58 MP: 5/5
  2775 | D:6      | HP: 3/60 [something (3)]
  3201 | D:6      | Reached XP level 7. HP: 52/66 MP: 6/6
  4930 | D:7      | Reached XP level 8. HP: 24/75 MP: 7/7
  5512 | D:7      | Slain by a centaur

Illustrated notes

Levels and vault maps discovered:
D:1:      nagdon_arrival_zigzag_paths, layout_loops_ring
D:2:      layout_loops_cross, minmay_door_square
D:3:      minmay_chambers_of_twos, layout_basic,
          chequers_ecumenical_altar_simple
D:6:      layout_basic, supply_closet_lemuel, uniq_grinder
D:7:      layout_basic, enter_bailey_2

Skill      XL: |  1  2  3  4  5  6  7 |
---------------+----------------------+-----
Fighting       | 4 5 6 7 8 |  8.8
Axes           | 4 5 6 7 8 |  8.8
Armour         | |  2.5
Dodging        | |  2.3

Action                   |  1- 3 |  4- 6 |  7- 9 || total
-------------------------+-------+-------+-------++-------
Melee: Hand axe          |    95 |    45 |    96 ||   236
       Headbutt          |    13 |     8 |    16 ||    37
Invok: Berserk           |       |     3 |       ||     3
       Trog's Hand       |       |     2 |       ||     2
  Use: Scroll            |       |       |     8 ||     8
 Stab: Sleeping          |     2 |       |       ||     2
Armor: Animal skin       |    15 |     5 |     8 ||    28
Dodge: Dodged            |    66 |    24 |    59 ||   149

Table legend: (Time is in decaauts)
 A = Elapsed time spent in this place.
 B = Non-inter-level travel time spent in this place.
 C = Inter-level travel time spent in this place.
 D = Time resting spent in this place.
 E = Time spent auto-exploring this place.
 F = Levels seen in this place.
 G = Mean time per level.
                   A        B        C        D        E       F      G
               +--------+--------+--------+--------+--------+-----+--------+
         Total |   5533 |   5466 |     67 |    515 |   4294 |   5 | 1106.6 |
       Dungeon |   5533 |   5466 |     67 |    515 |   4294 |   5 | 1106.6 |
               +--------+--------+--------+--------+--------+-----+--------+

Top non-repeatable levels by time:
     D:6: 1712 daAuts
     D:7: 1431 daAuts
     D:1: 1283 daAuts
     D:2: 1066 daAuts
     D:3: 38 daAuts
